 Dungeon Crawl Stone Soup version 0.29-a0-91-gdebf4667c2 (webtiles) character file.

Game seed: 15635814001187028735

54 siradein the Skirmisher (level 3, -6/40 HPs)
             Began as an Ogre Fighter on Feb 8, 2022.
             Killed by divine providence
             ... invoked by an orc priest
              (16 damage)
             ... on level 2 of the Dungeon.
             The game lasted 00:01:52 (1691 turns).

siradein the Skirmisher (Ogre Fighter)              Turns: 1691, Time: 00:01:53

Health: -6/40      AC:  3    Str: 20    XL:     3   Next: 91%
Magic:  3/3        EV:  9    Int:  9    God:
Gold:   54         SH:  7    Dex: 10    Spells: 2/2 levels left

rFire   . . .      SeeInvis .   a - +0 trident
rCold   . . .      Faith    .   c - +0 kite shield
rNeg    . . .      Spirit   .   b - +0 robe
rPois   .          Reflect  .   (helmet restricted)
rElec   .          Harm     .   (no cloak)
rCorr   .          Rampage  .   (gloves unavailable)
Will    .....                   (boots unavailable)
Stlth   +.........              (no amulet)
HPRegen 0.13/turn               (no ring)
MPRegen 0.08/turn               (no ring)

@: no status effects
A: large, unfitting armour, tough skin 1
a: no special abilities


You were on level 2 of the Dungeon.
You visited 1 branch of the dungeon, and saw 2 of its levels.

You collected 54 gold pieces.

Inventory:

Hand Weapons
 a - a +0 trident (weapon)
Armour
 b - a +0 robe (worn)
 c - a +0 kite shield (worn)
Scrolls
 e - a scroll of identify {unknown}
 g - a scroll of brand weapon {unknown}
 h - 3 scrolls of enchant weapon {unknown}
 j - a scroll of teleportation {unknown}
Potions
 d - a potion of might
 f - a potion of heal wounds {unknown}
 i - a potion of mutation {unknown}
 k - a potion of resistance {unknown}


   Skills:
 + Level 4.6 Fighting
 + Level 2.6 Polearms
 + Level 3.1 Dodging
 + Level 3.2 Shields


You had 2 spell levels left.
You didn't know any spells.
Your spell library was empty.

Dungeon Overview and Level Annotations

Branches:
Dungeon (2/15)

Altars:

Shops:
D:1 [


Innate Abilities, Weirdness & Mutations

You are too large for most types of armour.
You have tough skin. (AC +1)


Message History

You closely miss the orc.
The orc is severely wounded.
You block the orc's attack.
You closely miss the orc.
The orc is severely wounded.
You block the orc's attack.
You puncture the orc!
You kill the orc!
Something hits you.
You reach to attack!
You hit the orc but do no damage.
You hear a shout!
Something hits you.
An orc priest comes into view. It is wielding a +0 short sword.
You reach to attack!
You puncture the orc!
You kill the orc!
Something hits you but does no damage. Something you can't see is in the way.
You hit something. Something hits you. Something you can't see is in the way.
You closely miss something. Something hits you.
Something hits you but does no damage.
You reach to attack!
You hit the orc priest.
The orc priest is lightly wounded.
Something hits you.
You reach to attack!
You hit the orc priest but do no damage.
The orc priest is lightly wounded.
Something hits you but does no damage.
The orc priest calls down the wrath of Beogh upon you.
Beogh smites you!
You are too injured to fight recklessly!
You are too injured to fight recklessly!
You are too injured to fight recklessly!
You are too injured to fight recklessly!
Something hits you.
The orc priest looks encouraged for a moment.
A magic dart appears from out of thin air!
The magic dart hits you.
* * * LOW HITPOINT WARNING * * *
The orc priest mumbles some strange prayers to Beogh against you.
Beogh smites you!
You die...

##..........##).....o
########...........)#
.................##)#
...............o.##.#
..######.........##...#
#.....{...####.#
#.........# .#
#....)....# .
#...@.....# ..
#.........# #.
##..<....## ..
##.....## #######


You could see an orc priest.

Vanquished Creatures
  An adder (D:2)
  A worm (D:1)
  2 orcs (D:2)
  4 bats
  2 endoplasms (D:1)
  3 giant cockroaches
  3 goblins
  2 hobgoblins
  6 jackals (D:1)
  7 kobolds
  2 ball pythons (D:1)
  2 frilled lizards (D:1)
  A rat (D:1)
36 creatures vanquished.

Notes
Turn   | Place    | Note
-------+----------+-------------------------------------------
     0 | D:1      | siradein the Ogre Fighter began the quest for the Orb.
     0 | D:1      | Reached XP level 1. HP: 24/24 MP: 1/1
    17 | D:1      | Found Guitziy's Armour Shop.
   305 | D:1      | Reached XP level 2. HP: 32/32 MP: 2/2
   317 | D:1      | Found a faded altar of an unknown god.
   753 | D:1      | Reached XP level 3. HP: 39/40 MP: 3/3
  1361 | D:2      | HP: 2/40 [kobold (3)]
  1691 | D:2      | Killed from afar by an orc priest

Illustrated notes

Levels and vault maps discovered:
D:1:      ncdulo_lavacross, layout_basic, hellmonk_ecumenical_altar_zigzags,
          serial_shops, nicolae_shop_waterfront, nicolae_wormholes
D:2:      layout_rooms, minmay_misc_feat_doors

Skill      XL: |  1  2 |
---------------+-------+-----
Shields        | 3 |  3.2
Dodging        | 3 |  3.1
Fighting       | |  4.6
Polearms       | |  2.6

Action                   || total
-------------------------++-------
Melee: Trident           ||   157
Armor: Robe              ||    33
Dodge: Dodged            ||    48
Block: Kite shield       ||    48

Table legend: (Time is in decaauts)
 A = Elapsed time spent in this place.
 B = Non-inter-level travel time spent in this place.
 C = Inter-level travel time spent in this place.
 D = Time resting spent in this place.
 E = Time spent auto-exploring this place.
 F = Levels seen in this place.
 G = Mean time per level.
                   A        B        C        D        E       F      G
               +--------+--------+--------+--------+--------+-----+--------+
         Total |   1742 |   1688 |     54 |    279 |   1098 |   2 |  871.0 |
       Dungeon |   1742 |   1688 |     54 |    279 |   1098 |   2 |  871.0 |
               +--------+--------+--------+--------+--------+-----+--------+

Top non-repeatable levels by time:
     D:1: 1219 daAuts
     D:2: 522 daAuts
